 Dungeon Crawl Stone Soup version 0.17.0-23-g0de4337 (webtiles) character file.

9263 RepoMan the Tainter (level 11, -7/54 HPs)
             Began as a Demonspawn Venom Mage on Nov 14, 2015.
             Hit by a large rock thrown by a cyclops (37 damage)
             ... on level 12 of the Dungeon.
             The game lasted 02:22:08 (14509 turns).

RepoMan the Tainter (Demonspawn Venom Mage)        Turns: 14509, Time: 02:22:09

Health: -7/54      AC:  9    Str:  7    XL:     11   Next: 20%
Magic:  2/22       EV: 12    Int: 20    God:    Xom [...*..]
Gold:   561        SH:  0    Dex: 13    Spells: 9 memorised, 0 levels left

rFire  + + .     SeeInvis .     (no weapon)
rCold  . . .     Clarity  .     d - +1 robe "Yhich" {rF++}
rNeg   . . .     SustAt   .     (no shield)
rPois  .         Gourm    .     (helmet restricted)
rElec  +         Spirit   .     R - +0 cloak {MR+}
rCorr  .         Warding  .     (gloves unavailable)
rMut   .         Stasis   .     J - +0 pair of boots
MR     +....                    (no amulet)
Stlth  ++........               (no ring)
                                (no ring)

@: somewhat resistant to hostile enchantments, unstealthy
A: claws 3, horns 1, thin metallic scales 3, frail 2, screaming 1, spiny 2, weak
1
a: Renounce Religion


You were on level 12 of the Dungeon.
You worshipped Xom.
You were a favourite toy of Xom.
You were not hungry.

You visited 2 branches of the dungeon, and saw 13 of its levels.

You collected 737 gold pieces.
You spent 176 gold pieces at shops.

Inventory:

Hand Weapons
 a - a +2 long sword of flaming
 e - a +0 falchion of holy wrath
Missiles
 n - 5 needles of confusion
 p - 3 curare-tipped needles
Armour
 d - the +1 robe "Yhich" (worn) {rF++}
   (You bought it in a shop on level 10 of the Dungeon)

   It greatly protects you from fire.
 g - the +1 leather armour "Womawnyn" {Str+3, unknown}
   (You found it on level 11 of the Dungeon)

   It affects your strength (+3).
 m - a +0 robe of resistance
 q - a +0 cloak
 J - a +0 pair of boots (worn)
 P - the cursed +1 scale mail of the Demon Prince {+Inv rCorr Int+4 Slay-3, unknown}
   (You found it on level 11 of the Dungeon)

   It affects your intelligence (+4).
   It affects your accuracy and damage with ranged weapons and melee attacks
   (-3).
   It lets you turn invisible.
   It protects you from acid and corrosion.
   It has a curse placed upon it.
 R - a +0 cloak of magic resistance (worn)
Rods
 A - a +0 rod of shadows (9/9)
   (You found it on level 5 of the Dungeon)
Jewellery
 j - a +2 ring of slaying {unknown}
 k - an uncursed amulet of regeneration {unknown}
 O - an uncursed amulet of resist corrosion {unknown}
 T - an uncursed ring of flight {unknown}
Wands
 f - a wand of frost (28)
 B - a wand of cold (4)
 F - a wand of disintegration (10)
 G - a wand of fire (0)
 I - a wand of frost (33)
Scrolls
 l - 6 scrolls of identify
 t - 5 scrolls of remove curse
 v - 2 scrolls of fear {unknown}
 w - 3 scrolls of amnesia {unknown}
 C - a scroll of immolation {unknown}
 H - 3 scrolls of brand weapon {unknown}
 Q - a scroll of holy word {unknown}
 V - a scroll of recharging {unknown}
Potions
 i - a potion of heal wounds {unknown}
 o - 2 potions of lignification
 u - 5 potions of haste
 z - 3 potions of curing
 D - 2 potions of might
 K - a potion of flight {unknown}
 L - a potion of cancellation {unknown}
 M - a potion of berserk rage {unknown}
 N - a potion of cure mutation {unknown}
Books
 b - a Young Poisoner's Handbook

   Spells                             Type                      Level
   a - Sting                          Conjuration/Poison           1
   b - Cure Poison                    Poison                       2
   c - Mephitic Cloud                 Conjuration/Poison/Air       3
   d - Olgreb's Toxic Radiance        Poison                       4
   e - Venom Bolt                     Conjuration/Poison           5
 h - Sif Muna's Incunabulum of Companions
   (You found it on level 9 of the Dungeon)

   Spells                             Type                      Level
   a - Summon Butterflies             Summoning                    1
 x - a book of Callings

   Spells                             Type                      Level
   a - Summon Small Mammal            Summoning                    1
   b - Call Imp                       Summoning                    2
   c - Call Canine Familiar           Summoning                    3
   d - Summon Guardian Golem          Hexes/Summoning              3
   e - Summon Lightning Spire         Summoning/Air                4
   f - Summon Ice Beast               Ice/Summoning                4
 y - a book of Enchantments

   Spells                             Type                      Level
   a - Cause Fear                     Hexes                        4
   b - Silence                        Hexes/Air                    5
   c - Deflect Missiles               Charms/Air                   6
   d - Haste                          Charms                       6
   e - Discord                        Hexes                        8
 E - a book of Maledictions

   Spells                             Type                      Level
   a - Corona                         Hexes                        1
   b - Ensorcelled Hibernation        Hexes/Ice                    2
   c - Confuse                        Hexes                        3
   d - Tukima's Dance                 Hexes                        3
   e - Dazzling Spray                 Conjuration/Hexes            3
 W - a book of the Sky

   Spells                             Type                      Level
   a - Summon Lightning Spire         Summoning/Air                4
   b - Airstrike                      Air                          4
   c - Silence                        Hexes/Air                    5
   d - Deflect Missiles               Charms/Air                   6
   e - Conjure Ball Lightning         Conjuration/Air              6
   f - Tornado                        Air                          9
Comestibles
 c - 5 bread rations
 s - 6 meat rations


   Skills:
 - Level 1.7 Dodging
 - Level 1.7 Stealth
 + Level 7.9 Spellcasting
 + Level 7.9 Conjurations
 + Level 6.6 Hexes
 * Level 12.0 Poison Magic


You couldn't memorise any spells.
You knew the following spells:

 Your Spells              Type           Power        Failure   Level  Hunger
a - Sting                 Conj/Pois      ####         1%          1    None
b - Summon Butterflies    Summ           #.......     12%         1    None
g - Summon Guardian Gole  Hex/Summ       ###.....     10%         3    None
h - Confuse               Hex            ####....     1%          3    None
m - Mephitic Cloud        Conj/Pois/Air  ####....     1%          3    None
o - Olgreb's Toxic Radia  Pois           ######..     1%          4    ###....
p - Cure Poison           Pois           ######....   1%          2    None
t - Tukima's Dance        Hex            ####....     1%          3    None
v - Venom Bolt            Conj/Pois      #####.....   6%          5    #####..


Dungeon Overview and Level Annotations

Branches:
Dungeon (12/15)            Temple (1/1) D:5            Lair (0/8) D:11
    Orc (0/4) D:10

Altars:
Ashenzari
Cheibriados
Dithmenos
Elyvilon
Fedhas
Gozag
Kikubaaqudgha
Makhleb
Nemelex Xobeh
Okawaru
Qazlal
Ru
Sif Muna
Trog
Vehumet
Xom
Yredelemnul
Zin
The Shining One

Shops:
D:10 [


Innate Abilities, Weirdness & Mutations

You have claws for hands.
You are completely covered in thin metallic scales (AC +4, rElec).
You are mostly covered in sharp spines.
You have a pair of small horns on your head.
You are very frail (-20% HP).
You occasionally shout uncontrollably at your foes.
You are weak. (Str -2)


Message History

You can't see any susceptible monsters within range! (Use Z to cast anyway.)
The cyclops throws a large rock.
The large rock hits you!!
You emit a cloud of colourful smoke!
Casting: Confuse
Confirm with . or Enter, or press ? or * to list all spells.
Aiming: Venom Bolt
Press: ? - help, Shift-Dir - straight line, f/p - cyclops
Aim: a cyclops The bolt of poison hits the cyclops.
The cyclops is poisoned.
The cyclops is moderately wounded.
Casting: Venom Bolt
Confirm with . or Enter, or press ? or * to list all spells.
Aiming: Venom Bolt
Press: ? - help, Shift-Dir - straight line, f/p - cyclops
Aim: a cyclops (moderately wounded, poisoned)
The bolt of poison hits the cyclops.
The cyclops looks even sicker.
The cyclops is severely wounded.
The cyclops throws a large rock.
The large rock hits you!!!
Ouch! That really hurt!
You die...

#..# #.#.......#.#.....
#..# #.#.......#.......
#..# #.#.......#.......
#..# #.#.!.....#.......
#..# #C#.......#.......
#..###.#....####.......
#......###'###.#+##....
#......#..........#....
#.####@#..........#....
#.# #§#..........'....
#.# #§§§.........#....
#.# #.#..........#....
#.# #.#..........#....
#.# #.#..........#....
#.####.#..........#....
#......#..........'....
#......#....##...##....


You could see a cyclops.

Vanquished Creatures
  A hill giant (D:12)
  Maurice (D:11)
  A komodo dragon (D:11)
  A troll (D:12)
  A basilisk (D:12)
  6 hippogriffs
  6 yaks (D:12)
  2 hungry ghosts
  An ice beast (D:12)
  A mottled dragon (D:11)
  A black bear (D:11)
  3 orc warriors
  6 centaurs
  A big kobold (D:9)
  5 giant frogs
  A wyvern skeleton (D:9)
  2 scorpions
  5 killer bees (D:10)
  2 giant frog zombies (D:7)
  A wasp zombie (D:7)
  The ghost of CcS the Ruffian, a weakling VSMo (D:4)
  7 orc priests
  3 quasits
  3 centaur skeletons
  6 crimson imps
  2 giant frog skeletons
  7 hounds
  2 iguanas (D:11)
  8 worker ants
  8 orc wizards
  Natasha (thrice) (D:2)
  The ghost of floppycode the Insei, a weakling HuMo (D:3)
  A worker ant zombie (D:6)
  9 adders
  4 gnolls (D:7)
  3 oozes
  An adder skeleton (D:8)
  2 worms
  5 giant geckos
  23 orcs
  A ball python (D:1)
  10 bats
  3 giant cockroaches
  4 goblins
  9 hobgoblins
  3 jackals (D:4)
  5 kobolds
  4 quokkas
  A giant gecko skeleton (D:8)
  3 giant newts
  A quokka skeleton (D:7)
  6 rats
197 creatures vanquished.

Vanquished Creatures (collateral kills)
  An alligator (shapeshifter) (D:12)
  The ghost of Kloppie the Cleaver, a novice HOFi of Yredelemnul (D:7)
  2 hill giants
  A centaur zombie (D:10)
  A kobold demonologist (D:11)
  2 two-headed ogres (D:12)
  A phantom (D:10)
  4 ogres
  3 ice beasts
  A sky beast (D:8)
  A crocodile (D:11)
  3 centaurs
  A wyvern skeleton (D:9)
  A scorpion (D:10)
  A crimson imp (D:9)
  A jelly (D:8)
  3 orc priests
  2 orc wizards
  A centaur skeleton (D:7)
  2 killer bee zombies
  A hound zombie (D:5)
  A hound skeleton (D:8)
  4 gnolls (D:7)
  A giant gecko (D:8)
  4 orcs
  2 giant gecko skeletons
  3 kobolds (D:9)
49 creatures vanquished.

Vanquished Creatures (others)
  2 dancing weapons
  A manticore (D:12)
  A troll (D:11)
  2 ball lightnings (D:12)
  A crocodile (D:11)
7 creatures vanquished.

Grand Total: 253 creatures vanquished

Notes
Turn   | Place    | Note
--------------------------------------------------------------
     0 | D:1      | RepoMan the Demonspawn Venom Mage began the quest for the Orb.
     0 | D:1      | Reached XP level 1. HP: 13/13 MP: 3/3
   284 | D:1      | Gained mutation: You are partially covered in sharp spines. [demonic ancestry]
   284 | D:1      | Reached XP level 2. HP: 19/19 MP: 0/5
   615 | D:1      | Reached skill level 1 in Conjurations
   877 | D:1      | Reached XP level 3. HP: 24/24 MP: 1/6
   886 | D:1      | Learned a level 2 spell: Cure Poison
   890 | D:1      | Learned a level 3 spell: Mephitic Cloud
  1080 | D:2      | Noticed Natasha
  1089 | D:2      | Killed Natasha
  1294 | D:2      | Found a shattered altar of Ashenzari.
  1345 | D:2      | Noticed Natasha
  1348 | D:2      | Killed Natasha
  1348 | D:2      | Gained mutation: You have sharp fingernails. [demonic ancestry]
  1348 | D:2      | Reached XP level 4. HP: 13/30 MP: 2/7
  1609 | D:2      | Reached skill level 5 in Poison Magic
  1790 | D:2      | Noticed Natasha
  1792 | D:2      | Killed Natasha
  1893 | D:3      | Noticed floppycode's ghost (weakling HuMo)
  1922 | D:3      | Killed floppycode's ghost
  2074 | D:3      | Found a faded altar to an unknown god.
  2240 | D:3      | Reached XP level 5. HP: 35/35 MP: 3/9
  2282 | D:3      | Found a glowing golden altar of the Shining One.
  2863 | D:4      | Learned a level 4 spell: Olgreb's Toxic Radiance
  2921 | D:4      | Gained mutation: You are partially covered in thin metallic scales (AC +2). [demonic ancestry]
  2921 | D:4      | Reached XP level 6. HP: 41/41 MP: 6/11
  2956 | D:4      | Reached skill level 6 in Poison Magic
  3290 | D:4      | Noticed CcS's ghost (weakling VSMo)
  3295 | D:4      | Killed CcS's ghost
  3643 | D:4      | You fall through a shaft!
  3643 | D:5      | Entered Level 5 of the Dungeon
  3982 | D:5      | Gained mutation: You have very sharp fingernails. [demonic ancestry]
  3982 | D:5      | Reached XP level 7. HP: 46/46 MP: 8/12
  4119 | D:5      | Found a staircase to the Ecumenical Temple.
  4128 | Temple   | Entered the Ecumenical Temple
  4190 | Temple   | Became a worshipper of Xom of Malevolent Giggling
  4514 | D:5      | XOM: divination: detect items
  4544 | D:5      | Identified a +0 rod of shadows (9/9) (You found it on level 5 of the Dungeon)
  4653 | D:5      | XOM: silly message
  4832 | D:5      | XOM: silly message
  4928 | D:5      | XOM: mild Divn miscast
  5037 | D:6      | Reached skill level 7 in Poison Magic
  5242 | D:6      | Learned a level 3 spell: Summon Guardian Golem
  5327 | D:6      | XOM: silly message
  5715 | D:6      | Found a bloodstained altar of Trog.
  5717 | D:6      | XOM: silly message
  5853 | D:6      | Reached skill level 1 in Hexes
  5853 | D:6      | Gained mutation: You are mostly covered in thin metallic scales (AC +3). [demonic ancestry]
  5853 | D:6      | Reached XP level 8. HP: 52/52 MP: 10/14
  5868 | D:6      | Learned a level 3 spell: Tukima's Dance
  5883 | D:6      | Found an iron altar of Okawaru.
  5921 | D:6      | XOM: smoke on damage
  6135 | D:7      | XOM: mild Necr miscast
  6218 | D:7      | XOM: potion effect (berserk rage)
  6391 | D:7      | XOM: divination: detect creatures
  6412 | D:7      | Reached skill level 8 in Poison Magic
  6453 | D:7      | XOM: enchant monster (bad)
  6457 | D:7      | XOM: enchant monster (good)
  6464 | D:7      | Noticed Kloppie's ghost (novice HOFi)
  6474 | D:7      | Reached skill level 5 in Spellcasting
  6570 | D:6      | XOM: noise
  6685 | D:7      | XOM: harmless Erth miscast
  6898 | D:7      | XOM: destruction
  6903 | D:7      | XOM: harmless Air miscast
  6911 | D:7      | XOM: swap monsters
  7008 | D:7      | XOM: give mutation
  7008 | D:7      | Gained mutation: You have a pair of small horns on your head. [Xom's grace]
  7109 | D:7      | Reached skill level 5 in Conjurations
  7208 | D:7      | XOM: summons 8 friendly demons
  7215 | D:7      | Killed Kloppie's ghost
  7418 | D:7      | XOM: 6-stop teleportation journey
  7649 | D:8      | Reached skill level 9 in Poison Magic
  7649 | D:8      | Gained mutation: You have claws for hands. [demonic ancestry]
  7649 | D:8      | Reached XP level 9. HP: 57/57 MP: 12/17
  7744 | D:8      | XOM: butterfly on damage
  7756 | D:8      | XOM: summons friendly shadow imp
  7774 | D:9      | XOM: god gift: 39 gold pieces
  8234 | D:8      | Found a snail-covered altar of Cheibriados.
  8241 | D:8      | XOM: divination: detect items
  8445 | D:8      | XOM: summons friendly iron imp
  8600 | D:8      | XOM: mild Pois miscast
  8765 | D:9      | XOM: give mutations
  8765 | D:9      | Gained mutation: You are frail (-10% HP). [Xom's mischief]
  8765 | D:9      | Gained mutation: You occasionally shout uncontrollably at your foes. [Xom's mischief]
  8947 | D:9      | Found a shadowy altar of Dithmenos.
  9048 | D:9      | Reached skill level 10 in Poison Magic
  9056 | D:9      | Learned a level 3 spell: Confuse
  9151 | D:9      | XOM: noise
  9369 | D:9      | Found a deep blue altar of Sif Muna.
  9388 | D:9      | Identified Sif Muna's Incunabulum of Companions
  9391 | D:9      | Learned a level 1 spell: Summon Butterflies
  9392 | D:10     | Entered Level 10 of the Dungeon
  9413 | D:10     | XOM: harmless Trmt miscast
  9429 | D:10     | XOM: harmless Summ miscast
  9434 | D:10     | Found a staircase to the Orcish Mines.
  9442 | D:10     | Noticed a centaur zombie
  9443 | D:10     | Got a fine leather armour
  9472 | D:10     | XOM: confuse monster(s)
  9481 | D:10     | XOM: potion effect (heal wounds)
  9500 | D:10     | Killed a centaur zombie
  9500 | D:10     | Reached XP level 10. HP: 34/56 MP: 4/19
  9696 | D:10     | Found Dyfapt's Antique Armour Shop.
  9699 | D:10     | Bought a crude robe for 176 gold pieces
  9699 | D:10     | Identified the +1 robe "Yhich" {rF++} (You bought it in a shop on level 10 of the Dungeon)
  9750 | D:10     | Identified the +2 leather armour "Oplur" {Int+2} (You found it on level 10 of the Dungeon)
  9769 | D:10     | XOM: mild Fire miscast
  9946 | D:11     | Got a heavily runed leather armour
  9978 | D:11     | XOM: harmless Summ miscast
 10045 | D:11     | Reached skill level 5 in Hexes
 10082 | D:11     | Noticed a hill giant
 10092 | D:11     | Killed a hill giant
 10094 | D:11     | Noticed Maurice
 10094 | D:11     | XOM: 1-stop teleportation journey
 10101 | D:11     | XOM: 1-stop teleportation journey
 10148 | D:11     | XOM: 3-stop teleportation journey
 10190 | D:11     | Got a crude scale mail
 10290 | D:11     | Reached skill level 11 in Poison Magic
 10668 | D:11     | Killed Maurice
 10814 | D:11     | XOM: torment (25/56 hp)
 10900 | D:11     | XOM: give mutations
 10900 | D:11     | Gained mutation: You are weak. (Str -2) [Xom's mischief]
 10900 | D:11     | Gained mutation: You are very frail (-20% HP). [Xom's mischief]
 11072 | D:11     | XOM: blink monster(s)
 11074 | D:11     | XOM: smoke on damage
 11533 | D:11     | XOM: colour smoke trail
 11951 | D:11     | Found a staircase to the Lair.
 12089 | D:12     | Noticed a manticore
 12103 | D:12     | XOM: confusion (+ monsters)
 12109 | D:12     | XOM: enchant monster (bad)
 12117 | D:12     | XOM: 3-stop teleportation journey
 12360 | D:12     | XOM: enchant monster (bad)
 12373 | D:12     | Killed a manticore
 12792 | D:12     | Noticed a hill giant
 12808 | D:12     | Killed a hill giant
 12832 | D:12     | Noticed a hill giant
 12836 | D:12     | Noticed a glowing shapeshifter
 12836 | D:12     | a hill giant changed into a glowing shapeshifter
 12836 | D:12     | XOM: polymorph hill giant -> glowing shapeshifter
 12837 | D:12     | Noticed a mana viper
 12837 | D:12     | a glowing shapeshifter changed into a mana viper
 12839 | D:12     | Noticed a giant orange brain
 12839 | D:12     | a mana viper changed into a giant orange brain
 12840 | D:12     | Noticed a hill giant
 12840 | D:12     | a giant orange brain changed into a hill giant
 12841 | D:12     | Noticed an ettin
 12841 | D:12     | a hill giant changed into an ettin
 12844 | D:12     | Noticed an entropy weaver
 12844 | D:12     | an ettin changed into an entropy weaver
 12847 | D:12     | Noticed a great orb of eyes
 12847 | D:12     | an entropy weaver changed into a great orb of eyes
 12848 | D:12     | Noticed a queen ant
 12848 | D:12     | a great orb of eyes changed into a queen ant
 12850 | D:12     | Noticed an alligator
 12850 | D:12     | a queen ant changed into an alligator
 12852 | D:12     | Noticed a fire dragon
 12852 | D:12     | an alligator changed into a fire dragon
 12853 | D:12     | Noticed a great orb of eyes
 12853 | D:12     | a fire dragon changed into a great orb of eyes
 12856 | D:12     | Noticed a satyr
 12856 | D:12     | a great orb of eyes changed into a satyr
 12858 | D:12     | Noticed a great orb of eyes
 12858 | D:12     | a satyr changed into a great orb of eyes
 12862 | D:12     | Noticed an alligator
 12862 | D:12     | a great orb of eyes changed into an alligator
 12863 | D:12     | XOM: enchant monster (good)
 12871 | D:12     | Killed an alligator
 12871 | D:12     | Gained mutation: You are mostly covered in sharp spines. [demonic ancestry]
 12871 | D:12     | Reached XP level 11. HP: 54/54 MP: 2/22
 13150 | D:12     | XOM: 2-stop teleportation journey
 13228 | D:12     | XOM: give mutation
 13228 | D:12     | Gained mutation: You are completely covered in thin metallic scales (AC +4, rElec). [Xom's grace]
 13244 | D:12     | XOM: enchant monster (good)
 13300 | D:12     | XOM: summons 5 hostile demons
 13438 | D:12     | XOM: divination: detect creatures
 13468 | D:12     | XOM: destruction
 13474 | D:12     | XOM: vitrification
 13491 | D:11     | XOM: fog
 13680 | D:11     | XOM: silly message
 13757 | D:12     | Noticed a hill giant
 13771 | D:12     | Killed a hill giant
 13810 | D:12     | XOM: summons 1 hostile demon
 13893 | D:12     | XOM: noise
 14104 | D:12     | XOM: summons friendly shadow imp
 14262 | D:12     | XOM: cast spell 'Conjure Ball Lightning'
 14280 | D:12     | Learned a level 5 spell: Venom Bolt
 14366 | D:12     | XOM: god gift: scroll of random uselessness
 14439 | D:12     | Reached skill level 12 in Poison Magic
 14506 | D:12     | XOM: smoke on damage
 14509 | D:12     | Hit by a large rock thrown by a cyclops

Action                   |  1- 3 |  4- 6 |  7- 9 | 10-12 || total
-------------------------+-------+-------+-------+-------++-------
Melee: Whip              |       |    31 |    21 |       ||    52
       Rod               |       |       |     3 |       ||     3
       Unarmed           |       |       |    33 |    43 ||    76
       War axe           |       |       |     1 |       ||     1
Throw: Throwing net      |       |       |     1 |     2 ||     3
 Cast: Sting             |    52 |   113 |   176 |   168 ||   509
       Mephitic Cloud    |       |     5 |    11 |    14 ||    30
       Summon Guardian G |       |       |    17 |    19 ||    36
       Tukima's Dance    |       |       |     3 |    18 ||    21
       Confuse           |       |       |     2 |    29 ||    31
       Cure Poison       |       |       |     1 |     2 ||     3
       Olgreb's Toxic Ra |       |       |       |     2 ||     2
       Venom Bolt        |       |       |       |     4 ||     4
Evoke: Wand              |       |    11 |     5 |     4 ||    20
       Rod               |       |       |    18 |     4 ||    22
  Use: Scroll            |       |     6 |     9 |     6 ||    21
       Potion            |       |       |     2 |     1 ||     3
 Stab: Confused          |       |       |     1 |       ||     1
       Petrified         |       |       |       |     2 ||     2
       Petrifying        |       |       |       |     1 ||     1
  Eat: Chunk             |     2 |     8 |    14 |     7 ||    31
       Fruit             |       |     1 |     3 |     5 ||     9
       Beef jerky        |       |       |     3 |       ||     3
       Pizza             |       |       |     1 |       ||     1
       Bread ration      |       |       |     3 |     2 ||     5
       Royal jelly       |       |       |       |     1 ||     1
